 Dungeon Crawl Stone Soup version 0.31-a0-1074-g0b22e4e0f1 (webtiles) character file.

Game seed: 6382059659482448220

2359 zxpr0jk the Ducker (level 9, -1/69 HPs)
             Began as a Vampire Gladiator on Dec 1, 2023.
             Was a Priest of Cheibriados.
             Slain by a gnoll sergeant
             ... wielding a +2 spear of freezing
              (8 damage)
             ... on level 6 of the Dungeon on Dec 2, 2023.
             The game lasted 00:18:55 (5512 turns).

zxpr0jk the Ducker (Vampire Gladiator)              Turns: 5512, Time: 00:18:55

Health: -1/69      AC:  9    Str: 21    XL:     9   Next: 20%
Magic:  9/9        EV: 17    Int: 17    God:    Cheibriados [***...]
Gold:   333        SH:  0    Dex: 26    Spells: 3/8 levels left

rFire   + . .        a - +1 long sword
rCold   . . .        (no shield)
rNeg    . . .        r - +2 leather armour {rF+}
rPois   .            b - +0 helmet
rElec   +            p - +1 cloak of Bitterness {rElec Dex+3}
rCorr   .            (no gloves)
SInv    +            (no boots)
Will    .....        (no amulet)
Stlth   ++           (no ring)
HPRegen 0.51/turn    (no ring)
MPRegen 0.11/turn

%: no passive effects
@: wereblooded, healing quickly, very slow
A: alive, fangs 3, see invisible, vampiric 2
a: Exsanguinate, Renounce Religion, Bend Time, Temporal Distortion


You were on level 6 of the Dungeon.
You worshipped Cheibriados.
Cheibriados was most pleased with you.
You visited 2 branches of the dungeon, and saw 7 of its levels.

You collected 333 gold pieces.

Inventory:

Hand Weapons
 a - a +1 long sword (weapon)
Missiles
 d - a throwing net (quivered)
 e - a javelin
Armour
 b - a +0 helmet (worn)
 k - a +0 chain mail
 p - the +1 cloak of Bitterness (worn) {rElec Dex+3}
   (You found it on level 5 of the Dungeon)

   Dex+3:     It affects your dexterity (+3).
   rElec:     It insulates you from electricity.
 r - a +2 leather armour of fire resistance (worn)
Wands
 i - a wand of quicksilver (5)
Scrolls
 f - 7 scrolls of identify
 g - 2 scrolls of noise
 h - a scroll of revelation
 j - a scroll of amnesia
 l - a scroll of blinking {unknown}
 m - a scroll of fear
 n - a scroll of fog
 o - 2 scrolls of enchant armour {unknown}
 q - a scroll of immolation {unknown}
 t - a scroll of summoning {unknown}
Potions
 c - a potion of attraction {unknown}
 s - a potion of mutation {unknown}
 u - a potion of curing {unknown}
 v - a potion of degeneration {unknown}
 w - a potion of ambrosia


   Skills:
 - Level 6.0 Fighting
 - Level 4.0 Long Blades
 - Level 1.9 Throwing
 * Level 5.9 Armour
 - Level 6.0 Dodging
 - Level 6.0 Transmutations


You had 3 spell levels left.
You knew the following spells:

 Your Spells              Type           Power      Damage    Failure   Level
a - Wereblood             Tmut           20%        N/A       3%          2
b - Ozocubu's Armour      Ice            0%         N/A       63%         3

Your spell library contained the following spells:

 Spells                   Type           Power      Damage    Failure   Level
 Magic Dart               Conj           0%         1d3       26%         1
 Call Imp                 Summ           0%         N/A       38%         2
 Poisonous Vapours        Pois/Air       0%         N/A       38%         2
 Sublimation of Blood     Necr           0%         N/A       38%         2
 Mephitic Cloud           Conj/Pois/Air  0%         N/A       63%         3
 Sticky Flame             Conj/Fire      0%         2d3       95%         4
 Freezing Cloud           Conj/Ice/Air   0%         6-21      100%        5
 Ozocubu's Refrigeration  Ice            0%         4d7       100%        7
 Summon Hydra             Summ           0%         N/A       100%        7


Dungeon Overview and Level Annotations

Branches:
Dungeon (6/15)             Temple (1/1) D:5

Altars:
Ashenzari
Cheibriados
Dithmenos
Hepliaklqana
Kikubaaqudgha
Nemelex Xobeh
Ru
Trog
Uskayaw
Wu Jian

Shops:
D:2 (

Annotations:
D:3 2 transporters
D:5 1 runed translucent door, grandjackal's ghost, amateur TeCj


Innate Abilities, Weirdness & Mutations

Your natural rate of healing is accelerated.
You have razor-sharp teeth.
You have supernaturally acute eyesight. (SInv)
You are afflicted with vampirism and can become a bat while bloodless.


Message History

The gnoll sergeant freezes you. The gnoll closely misses you. x2
The gnoll sergeant barely misses you.
You slash the gnoll! You bite the gnoll.
You feel a bit better.
You kill the gnoll!
Cheibriados appreciates the change of pace.
You howl as the wereblood boils in your veins!
The gnoll sergeant closely misses you.
You slash the gnoll sergeant!
The gnoll sergeant is heavily wounded.
The gnoll sergeant closely misses you.
Okay, then.
You barely miss the gnoll sergeant.
The gnoll sergeant is heavily wounded.
The gnoll sergeant barely misses you.
The gnoll sergeant hits you with a +2 spear of freezing.
The gnoll sergeant freezes you.
You hit the gnoll sergeant but do no damage.
You bite the gnoll sergeant.
The gnoll sergeant is heavily wounded.
The gnoll sergeant misses you.
You hit the gnoll sergeant but do no damage.
The gnoll sergeant is heavily wounded.
The gnoll sergeant hits you with a +2 spear of freezing.
* * * LOW HITPOINT WARNING * * *
The gnoll sergeant freezes you.
* * * LOW HITPOINT WARNING * * *
You slash the gnoll sergeant!
The gnoll sergeant is almost dead.
The gnoll sergeant hits you but does no damage.
The gnoll sergeant blocks your attack.
You bite the gnoll sergeant, but do no damage.
The gnoll sergeant is almost dead.
The gnoll sergeant hits you with a +2 spear of freezing!
* * * LOW HITPOINT WARNING * * *
The gnoll sergeant freezes you.
* * * LOW HITPOINT WARNING * * *
The gnoll sergeant blocks your attack.
The gnoll sergeant is almost dead.
The gnoll sergeant hits you with a +2 spear of freezing!
You die...

###### #....# #....#
#....# #######....#
.......g)..# #@.!.#
#.)..#
##############.####
##..............#
##............####
#..............#####
#..................##
#........)..........##
#....................#


You could see a gnoll sergeant.

Vanquished Creatures
  A water moccasin (D:6)
  Duvessa (D:4)
  3 ice beasts (D:5)
  2 sky beasts
  2 black bears
  3 ogres
  A kobold brigand (D:5)
  A phantom (D:4)
  A scorpion (D:5)
  Dowan (D:4)
  2 howler monkeys (D:5)
  A gnoll bouda (D:4)
  4 hounds
  2 jellies (D:6)
  Crazy Yiuf (D:3)
  An orc priest (D:5)
  A sleepcap (D:6)
  Terence (D:3)
  3 iguanas
  Robin (D:3)
  31 gnolls
  4 adders
  A shadow imp (D:5)
  A white imp (D:6)
  2 dart slugs
  32 orcs
  11 endoplasms
  2 giant cockroaches (D:1)
  11 goblins
  14 hobgoblins
  14 jackals
  4 quokkas
  9 ball pythons
  6 bats
  4 frilled lizards
  6 kobolds
  10 rats
195 creatures vanquished.

Vanquished Creatures (others)
  An adder (D:4)
1 creature vanquished.

Grand Total: 196 creatures vanquished

Notes
Turn   | Place    | Note
-------+----------+-------------------------------------------
     0 | D:1      | zxpr0jk the Vampire Gladiator began the quest for the Orb.
     0 | D:1      | Reached XP level 1. HP: 16/16 MP: 1/1
   155 | D:1      | Reached XP level 2. HP: 15/22 MP: 2/2
   446 | D:1      | Gained mutation: You are afflicted with vampirism and can
                  | become a bat while bloodless. [Vampire growth]
   446 | D:1      | Reached XP level 3. HP: 27/27 MP: 3/3
   751 | D:2      | Found Ynaxaetsuq's Weapon Shoppe.
  1045 | D:2      | Reached XP level 4. HP: 34/34 MP: 4/4
  1255 | D:3      | Found a runed translucent door.
  1256 | D:3      | Noticed Crazy Yiuf
  1319 | D:3      | Noticed an ogre
  1331 | D:3      | Killed an ogre
  1332 | D:3      | Reached XP level 5. HP: 6/41 MP: 5/5
  1602 | D:3      | Noticed Robin
  1615 | D:3      | Found a transporter.
  1626 | D:3      | Killed Robin
  1826 | D:3      | Learned a level 2 spell: Wereblood
  1855 | D:3      | Found a sparkling altar of Nemelex Xobeh.
  1937 | D:3      | Found a transporter.
  1982 | D:3      | Noticed Terence
  1995 | D:3      | Killed Terence
  2030 | D:3      | Reached skill level 5 in Dodging
  2401 | D:3      | Killed Crazy Yiuf
  2402 | D:3      | Reached XP level 6. HP: 18/48 MP: 6/6
  2600 | D:4      | Reached skill level 1 in Transmutations
  2838 | D:4      | Noticed Dowan
  2852 | D:4      | Noticed Duvessa
  2882 | D:4      | Killed Dowan
  2883 | D:4      | Killed Duvessa
  2884 | D:4      | Reached XP level 7. HP: 31/55 MP: 7/7
  3332 | D:5      | Entered Level 5 of the Dungeon
  3399 | D:5      | Reached skill level 5 in Fighting
  3499 | D:5      | Found a staircase to the Ecumenical Temple.
  3537 | D:5      | Identified the +1 cloak of Bitterness {rElec Dex+3}
  3580 | D:5      | Reached skill level 1 in Armour
  3625 | Temple   | Entered the Ecumenical Temple
  3672 | Temple   | Became a worshipper of Cheibriados the Contemplative
  3884 | D:5      | Reached XP level 8. HP: 59/64 MP: 8/8
  4118 | D:5      | Reached * piety under Cheibriados
  4354 | D:5      | Reached ** piety under Cheibriados
  4385 | D:5      | Got the Exposition on Incendiary Attacks
  4729 | D:5      | Found a runed translucent door.
  4733 | D:5      | Noticed grandjackal's ghost (amateur TeCj)
  5020 | D:5      | Reached skill level 5 in Transmutations
  5089 | D:5      | Reached skill level 5 in Armour
  5266 | D:6      | Reached XP level 9. HP: 44/69 MP: 9/9
  5325 | D:6      | Learned a level 3 spell: Ozocubu's Armour
  5340 | D:6      | Found a shadowy altar of Dithmenos.
  5497 | D:6      | Reached *** piety under Cheibriados
  5512 | D:6      | Slain by a gnoll sergeant

Illustrated notes

Levels and vault maps discovered:
D:1:      tarquinn_simple_flora_water_d, layout_basic
D:2:      layout_basic, serial_shops, nicolae_lakefront_shop, minivault_11,
          eino_tiny_chamber, hangedman_decor_growths, glass_columns_b,
          minmay_heptomino_d4
D:3:      gammafunk_wand_slinger, layout_basic, mainiacjoe_overflow_alcove_4,
          minmay_ruptured, uniq_terence, uniq_robin, uniq_crazy_yiuf_cottage
D:4:      layout_rooms, serial_forest, infiniplex_forest_pool,
          infiniplex_forest_clump_small, infiniplex_forest_clump_double,
          infiniplex_forest_diagonal, infiniplex_forest_end_1,
          infiniplex_forest_straight_3, st_stairs_7, uniq_duvessa
D:5:      lemuel_castle_with_subvaults [lemuel_castle_interior_carwin_1],
          layout_loops_ring, minmay_temple_entry_mist,
          ebering_ghost_reflecting_pool
D:6:      layout_rooms, nicolae_dithmenos_the_darkroom,
          nicolae_yredelemnul_corpse_copse, st_stairs_8, corexii_hall_statues_u
Temple:   jpeg_temple_alley_garden

Skill      XL: |  1  2  3  4  5  6  7  8  9 |
---------------+----------------------------+-----
Fighting       | 2 3 4 5 6 |  6.0
Dodging        | 4 5 6 |  6.0
Long Blades    | 4 |  4.0
Transmutations | 2 3 5 6 |  6.0
Armour         | 2 5 |  5.9
Throwing       | |  1.9

Action                     |  1- 3 |  4- 6 |  7- 9 || total
---------------------------+-------+-------+-------++-------
  Melee: Long sword        |   112 |   190 |   333 ||   635
         Bite              |    10 |    17 |    44 ||    71
         Punch             |       |     1 |     2 ||     3
  Throw: Throwing net      |       |     7 |     2 ||     9
   Cast: Wereblood         |       |       |     7 ||     7
    Use: Potion            |       |    10 |     2 ||    12
         Scroll            |       |       |     9 ||     9
   Stab: Held in net/web   |       |     1 |       ||     1
         Sleeping          |       |     2 |       ||     2
         Invisible         |       |     2 |       ||     2
 Armour: Leather armour    |    55 |   116 |   249 ||   420
         Skin              |       |       |     2 ||     2
  Dodge: Dodged            |    74 |   148 |   366 ||   588

Table legend: (Time is in decaauts)
 A = Elapsed time spent in this place.
 B = Non-inter-level travel time spent in this place.
 C = Inter-level travel time spent in this place.
 D = Time resting spent in this place.
 E = Time spent auto-exploring this place.
 F = Levels seen in this place.
 G = Mean time per level.
                   A        B        C        D        E       F      G
               +--------+--------+--------+--------+--------+-----+--------+
         Total |   6154 |   5837 |    317 |    428 |   3725 |   7 |  879.1 |
       Dungeon |   6075 |   5808 |    267 |    428 |   3704 |   6 | 1012.5 |
        Temple |     79 |     29 |     50 |      0 |     21 |   1 |   79.0 |
               +--------+--------+--------+--------+--------+-----+--------+

Top non-repeatable levels by time:
     D:5: 2158 daAuts
     D:3: 1348 daAuts
     D:4: 778 daAuts
     D:2: 762 daAuts
     D:6: 525 daAuts
     D:1: 502 daAuts
  Temple: 79 daAuts
